Map: Ulrena

Players

Shinkiro

  • Race: Protoss Protoss
  • League: Gold

Burt - Winner!

  • Race: Terran Terran
  • League: Platinum

VOD

Have the link to the VOD?

Description

Time

  • Played on: Dec. 31, 2015, 1:47 a.m.
  • Length: 8:09
Show
View Real Time Build Order
Export as new Build Order

Shinkiro Protoss 

Build Orders:  

Get SALT Encoding   

  12  0:01  Probe (Chrono Boost)  
  13  0:11  Probe (Chrono Boost)  
  14  0:18  Pylon  
  14  0:23  Probe (Chrono Boost)  
  15  0:36  Probe (Chrono Boost)  
  15  0:39  Gateway  
  16  0:47  Probe (Chrono Boost)  
  17  0:53  Assimilator  
  17  0:57  Probe (Chrono Boost)  
  17  0:59  Assimilator  
  18  1:08  Probe (Chrono Boost)  
  19  1:12  Pylon  
  19  1:29  Cybernetics Core  
  19  1:43  Probe (Chrono Boost)  
  20  1:48  Pylon  
  20  1:53  Probe (Chrono Boost)  
  21  2:02  Gateway  
  21  2:04  Probe (Chrono Boost)  
  21  2:05  Warp Gate (Chrono Boost)  
  21  2:07  Stalker  
  24  2:13  Gateway  
  24  2:21  Probe  
  24  2:33  Pylon  
  24  2:40  Twilight Council  
  24  2:49  Stalker  
  26  3:04  Gateway  
  26  3:08  Probe  
  26  3:12  Stalker  
  29  3:19  Charge  
  29  3:42  Pylon  
  29  4:02  Zealot x4  
  37  4:17  Pylon  
  37  4:30  Pylon  
  37  4:34  Zealot  
  37  4:35  Zealot x3  
  45  4:57  Zealot x2  
  45  4:58  Zealot  
  51  5:23  Zealot x4  
  57  5:39  Robotics Facility  
  57  6:03  Nexus  
  57  6:08  Probe  
  58  6:22  Pylon  
  58  6:30  Warp Prism (Chrono Boost)  
  60  6:46  Pylon  
  60  7:03  Immortal (Chrono Boost)  
  64  7:13  Pylon  
  64  7:14  Probe  
  65  7:24  Probe  
  66  7:33  Stalker x3  
  55  7:58  Zealot x2  
  41  7:59  Zealot x2  
Show
View Real Time Build Order
Export as new Build Order

Burt Terran - Winner!

Build Orders: Liberator Opening, Reaper Expand 

Get SALT Encoding   

  12  0:01  SCV  
  13  0:13  SCV  
  14  0:17  Supply Depot  
  14  0:25  SCV  
  15  0:39  SCV  
  15  0:40  Barracks  
  16  0:46  Refinery  
  16  0:51  SCV  
  17  1:03  SCV  
  18  1:15  SCV  
  19  1:25  Supply Depot  
  19  1:29  Reaper  
  20  1:32  Orbital Command  
  20  1:51  Command Center  
  20  2:00  SCV  
  21  2:07  Barracks Reactor  
  21  2:19  SCV  
  22  2:23  Refinery  
  22  2:27  Factory  
  22  2:31  SCV  
  23  2:43  SCV  
  23  2:44  Marine x2  
  26  2:55  SCV  
  27  3:02  Orbital Command  
  27  3:07  SCV  
  27  3:11  Marine x2  
  27  3:12  Factory Tech Lab  
  30  3:14  Starport  
  31  3:20  SCV  
  31  3:22  Orbital Command  
  31  3:24  Engineering Bay  
  31  3:29  Marine x2  
  33  3:43  SCV  
  33  3:46  Bunker  
  33  3:47  Liberator  
  36  3:50  Siege Tank  
  36  3:55  SCV  
  37  4:04  Refinery  
  37  4:07  SCV x2  
  42  4:19  SCV  
  42  4:20  SCV  
  42  4:21  Marine x2  
  46  4:25  Supply Depot  
  46  4:28  Missile Turret  
  46  4:29  Engineering Bay  
  46  4:30  Terran Infantry Armor Level 1  
  46  4:32  Missile Turret  
  46  4:36  Supply Depot  
  46  4:46  Marine x2  
  46  4:47  SCV x2  
  46  4:52  Barracks  
  50  4:57  Terran Infantry Weapons Level 1  
  50  4:59  SCV x2  
  52  5:01  Refinery  
  52  5:03  Supply Depot  
  52  5:07  Ghost Academy  
  52  5:08  Medivac  
  52  5:11  SCV, Marine  
  52  5:12  Marine  
  52  5:13  SCV  
  58  5:23  SCV  
  58  5:25  SCV  
  58  5:26  Supply Depot  
  60  5:35  SCV  
  64  5:37  SCV  
  64  5:38  Supply Depot  
  62  5:47  SCV  
  62  5:49  Factory Tech Lab  
  63  5:50  Ghost, Marine  
  63  5:51  Medivac, Marine  
  69  5:57  SCV  
  69  5:59  SCV, Stimpack  
  71  6:08  Supply Depot  
  71  6:11  Supply Depot  
  71  6:13  Supply Depot  
  71  6:15  SCV  
  71  6:18  SCV  
  73  6:20  Barracks, Liberator  
  73  6:21  Barracks  
  73  6:23  Marine  
  74  6:27  SCV  
  74  6:28  Ghost  
  74  6:30  SCV  
  78  6:33  Siege Tank  
  84  6:41  Marine  
  84  6:42  Marine  
  86  6:57  Marine  
  87  7:10  Missile Turret  
  87  7:14  Missile Turret  
  87  7:16  Missile Turret  
  87  7:26  Marine x3  
  87  7:27  Siege Tank  
  97  7:30  SCV x2  
  98  7:42  SCV x2  
  100  7:44  Marine x3  
Tags
 
Add a new tag
Caveats
  • Supply blocks, unpowered buildings, or Contaminate may cause inaccurate times.
  • Supply counts are checked every 10 seconds.